 Dungeon Crawl Stone Soup version 0.18-a0-1514-g6ed9364 (webtiles) character file.

58 MenacingMecha the Slasher (level 3, 29/29 HPs)
             Began as a Demonspawn Berserker on Mar 6, 2016.
             Was a Believer of Trog.
             Quit the game on level 2 of the Dungeon.
             The game lasted 00:11:35 (2214 turns).

MenacingMecha the Slasher (Demonspawn Berserker)    Turns: 2214, Time: 00:11:35

Health: 29/29      AC:  6    Str: 18    XL:     3   Next: 75%
Magic:  12/12      EV: 11    Int:  8    God:    Trog [**....]
Gold:   66         SH:  0    Dex: 12    Spells: 0 memorised, 2 levels left

rFire  . . .     SeeInvis .     q - +0 dagger
rCold  . . .     Gourm    .     m - +0 ring mail
rNeg   . . .     Faith    .     (no shield)
rPois  .         Spirit   .     (no helmet)
rElec  .         Dismiss  .     (no cloak)
rCorr  .         Reflect  .     (no gloves)
SustAt .         Harm     .     j - +0 pair of boots
MR     .....                    (no amulet)
Stlth  +++.......               (no ring)
                                k - ring of magical power

@: not resistant to hostile enchantments, fairly stealthy
A: nightstalker 2
a: Berserk, Trog's Hand, Burn Spellbooks, Renounce Religion


You were on level 2 of the Dungeon.
You worshipped Trog.
Trog was pleased with you.
You were not hungry.

You visited 1 branch of the dungeon, and saw 2 of its levels.

You collected 66 gold pieces.

Inventory:

Hand Weapons
 a - a +0 falchion
 q - a +0 dagger (weapon)
Armour
 b - a +0 animal skin
 j - a +0 pair of boots (worn)
 m - a +0 ring mail (worn)
Jewellery
 k - a ring of magical power (left hand)
 u - a +1 ring of evasion {unknown}
 v - an uncursed ring of ice {unknown}
Scrolls
 d - a scroll of enchant armour {unknown}
 f - 4 scrolls of identify {unknown}
 i - a scroll of random uselessness {unknown}
 o - a scroll of immolation {unknown}
 r - a scroll of teleportation {unknown}
Potions
 e - a potion of lignification {unknown}
 g - a potion of agility {unknown}
 h - a potion of haste {unknown}
 l - a potion of curing {unknown}
 p - a potion of heal wounds {unknown}
Comestibles
 c - a bread ration
 n - a meat ration
 s - a chunk of flesh
 t - a beef jerky


   Skills:
 - Level 3.0 Fighting
 + Level 0.3(2.5) Short Blades
 - Level 4.1 Long Blades
 - Level 1.7 Armour
 - Level 1.7 Dodging
 + Level 0.8 Stealth


You had 2 spell levels left.
You didn't know any spells.

Dungeon Overview and Level Annotations

Branches:
Dungeon (2/15)

Altars:


Innate Abilities, Weirdness & Mutations

You are significantly more attuned to the shadows.


Message History

You see here a rat skeleton.
You start resting.
Some of the chunks of flesh in your inventory have rotted away.
HP restored.
A jackal comes into view.
The jackal barks!
A jackal comes into view.
The jackal bites you but does no damage.
A jackal comes into view.
You completely miss the jackal.
The jackal bites you but does no damage.
A hobgoblin comes into view. It is wielding a club.
You closely miss the jackal.
The jackal barks! x2; The hobgoblin shouts!
The jackal barely misses you.
Saving game... please wait.
Welcome back, MenacingMecha the Demonspawn Berserker.
Trog says: Kill them all!
Press ? for a list of commands and other information.
Are you sure you want to abandon this character and quit the game? (Confirm with "yes".)

#. ## . #########.###.
.###
...........##.####...#
........#.###<#..hh..#
#######.#.##....@h..g.
#.........######
#..#####..# #####..#
#..# ###......# #รท##
....###..# #.# #####
#..#####.# ..
#........# ..
#.###...## #. #.


You could see 3 jackals and a hobgoblin.

Vanquished Creatures
  An ooze (D:1)
  2 giant geckos (D:1)
  2 ball pythons (D:1)
  2 giant cockroaches (D:1)
  6 goblins
  9 hobgoblins
  4 jackals (D:2)
  7 bats
  3 giant newts
  6 kobolds
  7 rats
49 creatures vanquished.

Notes
Turn   | Place    | Note
--------------------------------------------------------------
     0 | D:1      | MenacingMecha the Demonspawn Berserker began the quest for the Orb.
     0 | D:1      | Reached XP level 1. HP: 18/18 MP: 1/1
   235 | D:1      | Reached skill level 3 in Long Blades
   282 | D:1      | Gained mutation: You are slightly more attuned to the shadows. [demonic ancestry]
   282 | D:1      | Reached XP level 2. HP: 20/24 MP: 2/2
   756 | D:1      | Gained mutation: You are significantly more attuned to the shadows. [demonic ancestry]
   756 | D:1      | Reached XP level 3. HP: 27/29 MP: 3/3
  1045 | D:1      | Reached ** piety under Trog
  1302 | D:1      | Reached skill level 4 in Long Blades
  2214 | D:2      | Quit the game

Vault maps used:
D:1:      nicolae_arrival_memento_mori, amethyst_killhole
D:2:      minmay_cut_off

Skill      XL: |  1  2  3 |
---------------+----------+-----
Long Blades    | 3 4 |  4.1
Fighting       | |  3.0
Short Blades   | |  0.3
Armour         | |  1.7
Dodging        | |  1.7
Stealth        | |  0.8

Action                   || total
-------------------------++-------
Melee: Falchion          ||   131
       Dagger            ||    42
Invok: Berserk           ||     1
 Stab: Sleeping          ||    10
  Eat: Chunk             ||     5
